 Dungeon Crawl Stone Soup version 0.25.0-1-g7eea58d2a3 (webtiles) character file.

Game seed: 701445276860754949

1703 MisterFreud the Chopper (level 9, -6/66 HPs)
             Began as a Gnoll Wanderer on June 14, 2020.
             Was an Initiate of Gozag.
             Mangled by an ogre
             ... wielding a +0 giant spiked club
              (27 damage)
             ... on level 5 of the Dungeon.
             The game lasted 00:10:46 (6123 turns).

MisterFreud the Chopper (Gnoll Wanderer)            Turns: 6123, Time: 00:10:47

Health: -6/66      AC: 14    Str: 15    XL:     9   Next: 3%
Magic:  14/14      EV:  6    Int: 18    God:    Gozag
Gold:   568        SH:  0    Dex: 14    Spells: 15/15 levels left

rFire    + . .     SeeInvis .   c - +0 hand axe
rCold    . . .     Gourm    .   (no shield)
rNeg     . . .     Faith    .   A - +0 plate armour
rPois    .         Spirit   .   s - +0 helmet
rElec    .         Reflect  .   e - +0 cloak
rCorr    +         Harm     .   (no gloves)
MR       .....                  (no boots)
Stlth    ..........             (no amulet)
HPRegen  0.21/turn              w - ring of protection from fire
MPRegen  0.14/turn              r - ring of resist corrosion

@: flying
A: distributed training, fangs 1, strong nose
a: Potion Petition, Call Merchant, Bribe Branch, Renounce Religion


You were on level 5 of the Dungeon.
You worshipped Gozag.
Gozag was pleased with you.
You were very hungry.

You visited 1 branch of the dungeon, and saw 5 of its levels.

You collected 644 gold pieces.
You paid 76 gold pieces to Gozag.

Inventory:

Hand Weapons
 a - a +0 mace
 c - a +0 hand axe (weapon)
 l - a +1 dagger of venom
Missiles
 f - 144 stones (quivered)
 h - 12 boomerangs
 x - 21 bolts
 B - 14 arrows
Armour
 b - a +2 scale mail
 e - a +0 cloak (worn)
 s - a +0 helmet (worn)
 y - a +2 robe of resistance
 A - a +0 plate armour (worn)
Jewellery
 r - a ring of resist corrosion (right hand)
 w - a ring of protection from fire (left hand)
Wands
 i - a wand of random effects (18)
 u - a wand of acid (2)
Scrolls
 j - 9 scrolls of identify
 m - a scroll of immolation
 t - 2 scrolls of noise
Potions
 g - a potion of cancellation {unknown}
 k - a potion of might
 n - a potion of stabbing {unknown}
 o - a potion of brilliance {unknown}
 p - a potion of lignification {unknown}
 q - 2 potions of curing
 v - 3 potions of flight
 z - a potion of haste {unknown}
Comestibles
 d - 3 rations


   Skills:
 + Level 4.6 Fighting
 + Level 3.7 Short Blades
 + Level 3.7 Long Blades
 + Level 7.6 Axes
 + Level 3.7 Maces & Flails
 + Level 3.7 Polearms
 + Level 3.7 Staves
 + Level 3.7 Slings
 + Level 3.7 Bows
 + Level 3.7 Crossbows
 + Level 4.6 Throwing
 + Level 4.6 Armour
 + Level 3.7 Dodging
 + Level 3.7 Stealth
 + Level 3.7 Shields
 + Level 3.7 Unarmed Combat
 + Level 3.7 Spellcasting
 + Level 3.0 Conjurations
 + Level 3.0 Hexes
 + Level 3.0 Charms
 + Level 3.0 Summonings
 + Level 3.0 Necromancy
 + Level 3.8 Translocations
 + Level 3.0 Transmutations
 + Level 3.0 Fire Magic
 + Level 4.9 Ice Magic
 + Level 3.0 Air Magic
 + Level 3.0 Earth Magic
 + Level 3.0 Poison Magic
 + Level 4.1 Invocations
 + Level 4.6 Evocations


You had 15 spell levels left.
You didn't know any spells.
Your spell library contained the following spells:

 Spells                   Type           Power        Failure   Level  Hunger
 Apportation              Tloc           ###...       91%         1    None
 Animate Skeleton         Necr           N/A          95%         1    None
 Corona                   Hex            ##.....      95%         1    None
 Pain                     Necr           ##..         95%         1    None
 Summon Small Mammal      Summ           ##..         95%         1    None
 Vampiric Draining        Necr           ##........   100%        3    ###....
 Animate Dead             Necr           N/A          100%        4    ####...
 Agony                    Necr           ##......     100%        5    ######.


Dungeon Overview and Level Annotations

Branches:
Dungeon (5/15)
 Temple: D:4-7

Altars:
Gozag

Annotations:
D:3 2 transporters, Enish's ghost, amateur MiBe


Innate Abilities, Weirdness & Mutations

Your experience applies equally to all skills.
You have very sharp teeth.
Your uncanny sense of smell can sniff out nearby items.


Message History

Unknown command.
You hit the worker ant.
The worker ant is almost dead.
The worker ant bites you but does no damage.
You hit the worker ant.
You kill the worker ant!
Evoke which item? (* to show all) (? for menu, Esc to quit)
Aiming: Random Effects
Press: ? - help, Shift-Dir - straight line, f - ogre
Aim: an ogre, wielding a +0 giant spiked club The puff of flame hits the ogre.
The ogre is lightly wounded.
The ogre barely misses you.
You hit the ogre. Your bite misses the ogre.
The ogre is moderately wounded.
You hit the ogre.
The ogre is heavily wounded.
The ogre hits you with a +0 giant spiked club!!
You die...
Your body crumbles into a pile of gold.

# ##..
#.##..##....# #
... #........#..#
##.######
#.......#..####
#........
#..)..........#
.........
#.............#
#<.......
#.............#
#........
#......#......#
.#.......
####...######## .
#....## #@....# .
.#..# #O#.### .
∆......###.###$..#
. ...........$.###
# #o.#....<....#
........#
#......## .......
.......


You could see an ogre.

Vanquished Creatures
  Pikel (D:5)
  Eustachio (D:4)
  An ice beast (D:5)
  3 slaves (D:5)
  A centaur (D:5)
  4 ogres
  A scorpion (D:4)
  2 howler monkeys (D:5)
  A quasit (D:5)
  2 orc priests (D:4)
  4 orc wizards (D:4)
  3 worker ants
  A hound skeleton (D:4)
  Robin (D:2)
  4 gnolls (D:3)
  2 adders
  A river rat (D:5)
  An ooze (D:4)
  An adder skeleton (D:4)
  3 worms
  2 dart slugs
  6 leopard geckos
  23 orcs
  3 bats
  4 giant cockroaches
  21 goblins
  11 hobgoblins
  5 jackals
  3 kobolds
  A quokka (D:5)
  2 ball pythons
  2 frilled lizards
  A jackal zombie (D:5)
  9 rats
131 creatures vanquished.

Vanquished Creatures (others)
  A jackal (D:5)
  5 toadstools (D:1)
6 creatures vanquished.

Grand Total: 137 creatures vanquished

Notes
Turn   | Place    | Note
-------+----------+-------------------------------------------
     0 | D:1      | MisterFreud the Gnoll Wanderer began the quest for the Orb.
     0 | D:1      | MisterFreud set off with the following items: a +0 mace, a
                  | +2 scale mail, a +0 hand axe, a ration
     0 | D:1      | Reached XP level 1. HP: 17/17 MP: 2/2
   120 | D:1      | Reached XP level 2. HP: 22/23 MP: 3/3
   437 | D:1      | Reached XP level 3. HP: 27/28 MP: 4/4
  1209 | D:2      | Reached skill level 1 in Invocations
  1268 | D:2      | Noticed Robin
  1280 | D:2      | Killed Robin
  1280 | D:2      | Reached skill level 1 in Short Blades
  1280 | D:2      | Reached skill level 1 in Long Blades
  1280 | D:2      | Reached skill level 1 in Maces & Flails
  1280 | D:2      | Reached skill level 1 in Polearms
  1280 | D:2      | Reached skill level 1 in Staves
  1280 | D:2      | Reached skill level 1 in Slings
  1280 | D:2      | Reached skill level 1 in Bows
  1280 | D:2      | Reached skill level 1 in Crossbows
  1280 | D:2      | Reached skill level 1 in Dodging
  1280 | D:2      | Reached skill level 1 in Stealth
  1280 | D:2      | Reached skill level 1 in Shields
  1280 | D:2      | Reached skill level 1 in Unarmed Combat
  1280 | D:2      | Reached skill level 1 in Spellcasting
  1280 | D:2      | Reached XP level 4. HP: 31/34 MP: 4/6
  1868 | D:3      | Found a transporter.
  1868 | D:3      | Noticed Enish's ghost (amateur MiBe)
  2054 | D:3      | Reached skill level 1 in Conjurations
  2054 | D:3      | Reached skill level 1 in Hexes
  2054 | D:3      | Reached skill level 1 in Charms
  2054 | D:3      | Reached skill level 1 in Summonings
  2054 | D:3      | Reached skill level 1 in Necromancy
  2054 | D:3      | Reached skill level 1 in Transmutations
  2054 | D:3      | Reached skill level 1 in Fire Magic
  2054 | D:3      | Reached skill level 1 in Air Magic
  2054 | D:3      | Reached skill level 1 in Earth Magic
  2054 | D:3      | Reached skill level 1 in Poison Magic
  2065 | D:3      | Reached XP level 5. HP: 35/40 MP: 7/7
  2291 | D:3      | Found an opulent altar of Gozag.
  2384 | D:3      | Became a worshipper of Gozag Ym Sagoz the Greedy
  2404 | D:3      | Found a transporter.
  3028 | D:4      | Noticed Eustachio
  3138 | D:4      | Killed Eustachio
  3138 | D:4      | Reached XP level 6. HP: 14/47 MP: 8/8
  3678 | D:4      | Reached XP level 7. HP: 41/52 MP: 10/10
  3714 | D:4      | Reached skill level 7 in Axes
  5660 | D:5      | Entered Level 5 of the Dungeon
  5695 | D:5      | Reached XP level 8. HP: 30/60 MP: 12/12
  5974 | D:5      | Noticed Pikel
  6013 | D:5      | Killed Pikel
  6098 | D:5      | Reached XP level 9. HP: 38/66 MP: 14/14
  6123 | D:5      | Mangled by an ogre

Illustrated notes

Levels and vault maps discovered:
D:1:      ldierk_walled_garden, layout_basic, minmay_tetromino_t4
D:2:      layout_basic, uniq_robin
D:3:      layout_basic, overflow_temple_1_default, gammafunk_ghost_mausoleum,
          minmay_misc_feat_rows
D:4:      layout_layer_cave, uniq_eustachio
D:5:      layout_rooms, kennysheep_mini_moat, gup_sewer_entry_bowl,
          first_ration, grunt_decor_fettered, uniq_pikel

Skill      XL: |  1  2  3  4  5  6  7  8 |
---------------+-------------------------+-----
Translocations | 2 3 |  3.8
Invocations    | 1 2 3 4 |  4.1
Short Blades   | 1 2 3 |  3.7
Long Blades    | 1 2 3 |  3.7
Maces & Flails | 1 2 3 |  3.7
Polearms       | 1 2 3 |  3.7
Staves         | 1 2 3 |  3.7
Slings         | 1 2 3 |  3.7
Bows           | 1 2 3 |  3.7
Crossbows      | 1 2 3 |  3.7
Dodging        | 1 2 3 |  3.7
Stealth        | 1 2 3 |  3.7
Shields        | 1 2 3 |  3.7
Unarmed Combat | 1 2 3 |  3.7
Spellcasting   | 1 2 3 |  3.7
Conjurations   | 1 2 3 |  3.0
Hexes          | 1 2 3 |  3.0
Charms         | 1 2 3 |  3.0
Summonings     | 1 2 3 |  3.0
Necromancy     | 1 2 3 |  3.0
Transmutations | 1 2 3 |  3.0
Fire Magic     | 1 2 3 |  3.0
Air Magic      | 1 2 3 |  3.0
Earth Magic    | 1 2 3 |  3.0
Poison Magic   | 1 2 3 |  3.0
Fighting       | 3 4 |  4.6
Throwing       | 3 4 |  4.6
Armour         | 3 4 |  4.6
Evocations     | 3 4 |  4.6
Ice Magic      | 4 |  4.9
Axes           | 7 |  7.6

Action                   |  1- 3 |  4- 6 |  7- 9 || total
-------------------------+-------+-------+-------++-------
Melee: Hand axe          |   126 |   232 |   284 ||   642
       Bite              |    13 |    23 |    35 ||    71
       Punch             |       |       |     2 ||     2
Invok: Potion Petition   |       |       |     1 ||     1
Evoke: Wand              |       |     3 |     9 ||    12
  Use: Scroll            |       |       |     6 ||     6
       Potion            |       |       |     3 ||     3
 Stab: Distracted        |       |       |     1 ||     1
  Eat: Chunk             |     1 |     5 |       ||     6
       Ration            |       |     1 |     2 ||     3
Armor: Scale mail        |    51 |    90 |       ||   141
       Plate armour      |       |    47 |   172 ||   219
Dodge: Dodged            |    58 |    90 |    69 ||   217
